 Dungeon Crawl Stone Soup version 0.32-a0-868-g153ae1a8d6 (webtiles) character file.

Game seed: 13164436252621174488

436 Griffin23 the Covered (level 6, -2/56 HPs)
             Began as a Minotaur Fighter on Mar 28, 2024.
             Slain by an orc priest
             ... wielding a +0 whip
              (5 damage)
             ... on level 4 of the Dungeon.
             The game lasted 00:02:33 (2678 turns).

Griffin23 the Covered (Minotaur Fighter)            Turns: 2678, Time: 00:02:33

Health: -2/56      AC: 10    Str: 23    XL:     6   Next: 68%
Magic:  5/5        EV:  7    Int:  5    God:
Gold:   147        SH:  0    Dex:  9    Spells: 5/5 levels left

rFire   . . .        a - +0 long sword
rCold   . . .        c - +0 buckler
rNeg    . . .        n - +0 chain mail
rPois   .            (helmet restricted)
rElec   .            (no cloak)
rCorr   .            (no gloves)
SInv    .            (no boots)
Will    .....        (no amulet) Stlth
                     (no ring)
HPRegen 0.29/turn    (no ring)
MPRegen 0.09/turn

%: no passive effects
@: confused
A: horns 2, retaliatory headbutt
a: Convert to Beogh


You were on level 4 of the Dungeon.
You visited 1 branch of the dungeon, and saw 5 of its levels.

You collected 147 gold pieces.

Inventory:

Hand Weapons
 a - a +0 long sword (weapon)
Missiles
 q - a throwing net (quivered)
Armour
 b - a +0 scale mail
 c - a +0 buckler (worn)
 n - a +0 chain mail (worn)
Scrolls
 f - 2 scrolls of amnesia {unknown}
 g - a scroll of noise {unknown}
 h - 3 scrolls of teleportation {unknown}
 j - a scroll of brand weapon {unknown}
 l - 2 scrolls of identify {unknown}
 m - a scroll of poison {unknown}
 o - a scroll of revelation {unknown}
 r - a scroll of fear {unknown}
 t - a scroll of fog {unknown}
 u - 2 scrolls of immolation {unknown}
Potions
 d - a potion of might
 e - a potion of magic {unknown}
 i - 2 potions of brilliance
 k - a potion of curing
 p - a potion of degeneration {unknown}
 s - a potion of heal wounds {unknown}


   Skills:
 + Level 5.5 Fighting
 + Level 4.8 Long Blades
 + Level 5.5 Armour
 + Level 5.5 Shields


You had 5 spell levels left.
You didn't know any spells.
Your spell library was empty.

Dungeon Overview and Level Annotations

Branches:
Dungeon (5/15)
 Temple: D:4-7

Altars:
Okawaru

Shops:
D:2 *


Innate Abilities, Weirdness & Mutations

You have a pair of horns on your head.
You reflexively headbutt those who attack you in melee.


Message History

You miss something. Your headbutt misses something.
Something hits you but does no damage.
The orc priest calls down the wrath of Beogh upon you.
Beogh smites you!
* * * LOW HITPOINT WARNING * * *
The orc priest threatens, "Beogh's wrath is as vast as their mercy.
Make your choice!"
You hit something.
You hear some strange, mumbled words.
You are more confused.
The orc priest hits you but does no damage.
Something hits you but does no damage.
You bump into the metal wall.
You hear some strange, mumbled words.
A magic dart appears from out of thin air!
The magic dart hits you but does no damage.
The orc priest hits you but does no damage.
You bump into the rock wall.
Something hits you but does no damage.
The orc priest hits you but does no damage.
You bump into the metal wall.
Something hits you.
* * * LOW HITPOINT WARNING * * *
The orc priest hits you but does no damage.
You bump into the metal wall.
You hear some strange, mumbled words.
You are more confused.
The orc priest hits you but does no damage.
You're too confused to move!
Something hits you.
* * * LOW HITPOINT WARNING * * *
The orc priest hits you but does no damage.
You barely miss the orc priest.
The orc priest is lightly wounded.
You hear some strange, mumbled words.
A puff of flame appears from out of thin air!
The puff of flame hits you.
* * * LOW HITPOINT WARNING * * *
The orc priest hits you with a +0 whip.
* * * LOW HITPOINT WARNING * * *
You're too confused to move!
Something hits you.
* * * LOW HITPOINT WARNING * * *
The orc priest hits you with a +0 whip.
You die...

... #.#....##
.##.
####.#.##..# #.
#. #......# #.#
###.#....# ..
....#.._.# ...
#.....#
###....#.).#
#..(.#.#.# .
#......#@###.$..
#......#o{......
#......#w#######
....#..o#
....#.... #.P.#
#.P.# #.P.#
#.P.#


You could see a ribbon worm, an orc priest and an orc.

Vanquished Creatures
  Sigmund (D:2)
  A howler monkey (D:3)
  A bombardier beetle (D:3)
  An orc priest (D:4)
  A hound (D:5)
  An orc wizard (D:4)
  4 adders
  2 dart slugs
  A ribbon worm (D:3)
  13 orcs
  7 endoplasms
  2 giant cockroaches (D:1)
  7 hobgoblins
  3 jackals (D:3)
  6 kobolds
  2 quokkas (D:1)
  4 ball pythons
  4 bats
  3 frilled lizards
  3 goblins
  4 rats
71 creatures vanquished.

Notes
Turn   | Place    | Note
-------+----------+-------------------------------------------
     0 | D:1      | Griffin23 the Minotaur Fighter began the quest for the Orb.
     0 | D:1      | Reached XP level 1. HP: 19/19 MP: 0/0
    90 | D:1      | Reached XP level 2. HP: 26/27 MP: 1/1
   481 | D:1      | Reached XP level 3. HP: 33/33 MP: 2/2
  1008 | D:2      | Noticed Sigmund
  1009 | D:2      | Found Wuini's Assorted Antiques.
  1022 | D:2      | Killed Sigmund
  1023 | D:2      | Reached XP level 4. HP: 28/41 MP: 3/3
  1023 | D:2      | Reached XP level 5. HP: 32/47 MP: 4/4
  1481 | D:3      | Reached skill level 5 in Armour
  1522 | D:3      | Reached skill level 5 in Fighting
  1574 | D:3      | Reached skill level 5 in Shields
  1762 | D:3      | Reached XP level 6. HP: 46/56 MP: 5/5
  2415 | D:4      | HP: 2/56 [poisoned by an orc priest]
  2419 | D:5      | Entered Level 5 of the Dungeon
  2626 | D:4      | Found an iron altar of Okawaru.
  2678 | D:4      | Slain by an orc priest

Illustrated notes

Levels and vault maps discovered:
D:1:      psy_arrival_conway, layout_rooms, serial_park_tiny_2,
          minmay_misc_feat_plants, minmay_misc_feat_square
D:2:      layout_loops_ring, serial_shops,
          nicolae_shop_temple_entry_statues_fountains, minmay_unequal,
          uniq_sigmund
D:3:      layout_loops_ring, corexii_corridor_pit
D:4:      layout_rooms, mainiacjoe_overflow_boulevard
D:5:      layout_rooms, minmay_temple_entry_statues_fountains,
          eino_small_chamber_without_monster, roderic_serpentine_path,
          minmay_crystal_room

Skill      XL: |  1  2  3  4  5 |
---------------+----------------+-----
Fighting       | 4 5 |  5.5
Armour         | 4 5 |  5.5
Shields        | 4 5 |  5.5
Long Blades    | 3 4 |  4.8

Action                     |  1- 3 |  4- 6 || total
---------------------------+-------+-------++-------
  Melee: Long sword        |    90 |   157 ||   247
         Headbutt          |     5 |    26 ||    31
    Use: Potion            |       |     2 ||     2
 Armour: Scale mail        |    88 |       ||    88
         Chain mail        |     3 |   151 ||   154
  Dodge: Dodged            |    42 |    50 ||    92
  Block: Buckler           |    23 |    34 ||    57

Table legend: (Time is in decaauts)
 A = Elapsed time spent in this place.
 B = Non-inter-level travel time spent in this place.
 C = Inter-level travel time spent in this place.
 D = Time resting spent in this place.
 E = Time spent auto-exploring this place.
 F = Levels seen in this place.
 G = Mean time per level.
                   A        B        C        D        E       F      G
               +--------+--------+--------+--------+--------+-----+--------+
         Total |   2741 |   2652 |     89 |    154 |   1976 |   5 |  548.2 |
       Dungeon |   2741 |   2652 |     89 |    154 |   1976 |   5 |  548.2 |
               +--------+--------+--------+--------+--------+-----+--------+

Top non-repeatable levels by time:
     D:3: 939 daAuts
     D:2: 728 daAuts
     D:1: 698 daAuts
     D:4: 318 daAuts
     D:5: 56 daAuts
